 Dungeon Sprint DCSS version 0.19.1-1-g22dce08 (webtiles) character file.

287 Oxelix the Slicer (level 6, -1/45 HPs)
             Began as a Spriggan Assassin on Dec 30, 2016.
             Succumbed to Sonja's poison
             ... in the Dungeon (Sprint I: "Red Sonja").
             The game lasted 00:03:06 (600 turns).

Oxelix the Slicer (Spriggan Assassin)                Turns: 600, Time: 00:03:07

Health: -1/45      AC:  3    Str: 12    XL:     6   Next: 8%
Magic:  7/7        EV: 17    Int: 12    God:
Gold:   297        SH:  0    Dex: 20    Spells: 0 memorised, 5 levels left

rFire  . . .     SeeInvis +     a - +2 dagger
rCold  . . .     Gourm    .     c - +0 robe
rNeg   . . .     Faith    .     (shield restricted)
rPois  .         Spirit   .     (helmet restricted)
rElec  .         Reflect  .     d - +0 cloak
rCorr  .         Harm     .     (gloves unavailable)
MR     +....     NoTele   +     (boots unavailable)
Stlth  ..........               (no amulet)
                                (no ring)
                                (no ring)

@: berserking, lethally poisoned (-1 -> -64), slowed, very quick
A: unfitting armour, see invisible, herbivore 3, speed 3, slow metabolism 2
a: no special abilities


You were in the Dungeon.
You were not hungry.

You visited 1 branch You collected 297 gold pieces.

Inventory:

Hand Weapons
 a - a +2 dagger (weapon)
 b - a +0 blowgun
 o - a +0 club
Missiles
 e - 7 poisoned needles
 f - 2 curare-tipped needles
Armour
 c - a +0 robe (worn)
 d - a +0 cloak (worn)
Scrolls
 m - a scroll of blinking
Potions
 j - a potion of haste
 k - 2 potions of magic
 n - a potion of cancellation {unknown}
 p - a potion of lignification {unknown}
Comestibles
 g - a bread ration


   Skills:
 - Level 1.5 Fighting
 * Level 13.5 Short Blades
 - Level 2.0 Throwing
 - Level 1.5 Dodging
 - Level 5.8 Stealth


You had 5 spell levels left.
You didn't know any spells.

Dungeon Overview and Level Annotations

Branches:
Dungeon (1/1)

Altars:
Cheibriados
Dithmenos
Elyvilon
Fedhas
Hepliaklqana
Kikubaaqudgha
Okawaru
Qazlal
Ru
Sif Muna
Trog
Uskayaw
Vehumet
Yredelemnul
Zin
The Shining One

Shops:
D %

Annotations:
D Sonja


Innate Abilities, Weirdness & Mutations

You are very small and have problems with some larger weapons.
You are too small for most types of armour.
You have supernaturally acute eyesight. (SInv)
You are a herbivore.
You cover ground extremely quickly.
You need consume almost no food.


Message History

* * * LOW HITPOINT WARNING * * *
You feel sick.
You miss Sonja.
Sonja is moderately wounded.
* * * LOW HITPOINT WARNING * * *
You feel sick.
Sonja closely misses you. x2; Sonja misses you.
You puncture Sonja!
Sonja is severely wounded.
* * * LOW HITPOINT WARNING * * *
You feel sick. Sonja barely misses you.
Sonja hits you with an uncursed short sword of venom.
* * * LOW HITPOINT WARNING * * *
You are more poisoned.
Sonja hits you with an uncursed short sword of venom.
* * * LOW HITPOINT WARNING * * *
You are too berserk!
You are too berserk!
You miss Sonja.
Sonja is severely wounded.
You die...

#<.#.)'..#..'..#
#..%..#..').#..+
#..#####'#####'#
#..# #..#...#[#
#..#__####..##(#
#..#_____##'#..+
#⌠⌠#_.∩..Y+.(._#
####_..__##_(#+#
___ ##@# # #K#
$.$ #$.$# ##.##
#+#


You could see Sonja.

Vanquished Creatures
  Sigmund (D)
  An ogre (D)
  A jelly (D)
  Ijyb (D)
4 creatures vanquished.

Notes
Turn   | Place    | Note
-------+----------+-------------------------------------------
     0 | D        | Oxelix the Spriggan Assassin began the quest for the Orb.
     0 | D        | Reached XP level 1. HP: 10/10 MP: 2/2
     6 | D        | Noticed Ijyb
    25 | D        | Killed Ijyb
    25 | D        | Reached skill level 6 in Short Blades
    25 | D        | Reached XP level 2. HP: 10/14 MP: 3/3
    43 | D        | Noticed an ogre
    60 | D        | Killed an ogre
    60 | D        | Reached skill level 10 in Short Blades
    60 | D        | Reached XP level 3. HP: 14/18 MP: 4/4
    60 | D        | Reached XP level 4. HP: 18/22 MP: 5/5
    72 | D        | Noticed Sigmund
   109 | D        | Killed Sigmund
   109 | D        | Reached skill level 13 in Short Blades
   109 | D        | Reached XP level 5. HP: 9/25 MP: 6/6
   320 | D        | Found a deep blue altar of Sif Muna.
   322 | D        | Found a radiant altar of Vehumet.
   335 | D        | Reached XP level 6. HP: 7/30 MP: 7/7
   564 | D        | Found Lusoy's Food Emporium.
   564 | D        | Found an ancient bone altar of Kikubaaqudgha.
   564 | D        | Found a stormy altar of Qazlal.
   564 | D        | Found a blossoming altar of Fedhas.
   564 | D        | Found a bloodstained altar of Trog.
   564 | D        | Found an iron altar of Okawaru.
   564 | D        | Found a glowing golden altar of the Shining One.
   564 | D        | Found a glowing silver altar of Zin.
   564 | D        | Found a white marble altar of Elyvilon.
   564 | D        | Noticed a yak
   565 | D        | Found a hazy altar of Hepliaklqana.
   565 | D        | Found a hide-covered altar of Uskayaw.
   565 | D        | Found a basalt altar of Yredelemnul.
   565 | D        | Found a snail-covered altar of Cheibriados.
   565 | D        | Found a sacrificial altar of Ru.
   565 | D        | Found a shadowy altar of Dithmenos.
   583 | D        | Noticed Sonja
   599 | D        | HP: 1/45 [Sonja/uncursed short sword of venom (3)]
   600 | D        | Succumbed to Sonja's poison

Skill      XL: |  1  2  3  4 |
---------------+-------------+-----
Short Blades   | 6 10 13 | 13.5
Fighting       | |  1.5
Throwing       | |  2.0
Dodging        | |  1.5
Stealth        | |  5.8

Action                   |  1- 3 |  4- 6 || total
-------------------------+-------+-------++-------
Melee: Dagger            |    29 |    39 ||    68
 Fire: Blowgun           |     4 |     8 ||    12
  Use: Potion            |       |     3 ||     3
Armor: Robe              |     3 |     2 ||     5
Dodge: Dodged            |    16 |    31 ||    47
